Unix NetHack Version 3.7.0-89 Work-in-progress - last build Sep 24 2023 19:26:52 (48e034876007844a536bf88644040a71d2893410,branch:master). Game began 2023-09-27 15:53:26, ended 2023-09-27 16:02:45. horga, neutral female human Tourist -------.- |.$.....| |.......| |.@....{| ..<.....| --------- Horga the Rambler St:9 Dx:8 Co:16 In:14 Wi:11 Ch:17 Neutral Dlvl:3 $:694 HP:0(12) Pw:2(2) AC:9 Xp:1/4 T:641 Blind Deaf Latest messages: s - a lichen corpse (2 in total). $ - 3 gold pieces (687 in total). The door opens. You kill the lichen! You swap places with your little dog. You swap places with your little dog. The door opens. You swap places with your little dog. The little dog misses it. The little dog bites it. You hear someone counting gold coins. You stop. Your little dog is in the way! What do you want to call this dungeon level? vault You swap places with your little dog. x - a smoky potion. You see here a kobold corpse. You swap places with your little dog. The newt bites! The newt bites! You swap places with your little dog. The little dog misses it. The little dog misses it. The little dog bites it. The little dog misses it. The little dog bites it. The little dog bites the sewer rat. The sewer rat bites the little dog. The little dog bites the sewer rat. The sewer rat bites! The little dog misses the sewer rat. It misses the sewer rat. The sewer rat bites! It misses the sewer rat. It bites the sewer rat. The sewer rat is killed! $ - 7 gold pieces (694 in total). The little dog misses the lichen. The little dog bites the lichen. The lichen is killed! You stop. Your little dog is in the way! You see here a lichen corpse. s - a lichen corpse (3 in total). You descend the stairs. You are momentarily blinded by a flash of light! You hear a deafening roar! Wait! There's something there you can't see! It bites! It bites! You die... Do you want to see the dungeon overview? [ynq] (y) y Inventory: Coins $ - 694 gold pieces Weapons t - 7 blessed +1 crossbow bolts p - 10 uncursed +0 elven arrows a - 37 uncursed +2 darts (at the ready) w - a blessed +0 elven dagger Armor r - an uncursed +0 orcish helm (being worn) j - an uncursed +0 Hawaiian shirt with a hula dancer motif (being worn) Comestibles d - 2 uncursed slime molds q - an uncursed candy bar labeled "Nilla Crunchie" c - 2 uncursed cram rations b - 6 uncursed food rations f - 2 uncursed fortune cookies u - 2 uncursed sprigs of wolfsbane e - an uncursed egg s - 3 uncursed lichen corpses Scrolls i - a blessed scroll of magic mapping h - 3 uncursed scrolls of magic mapping n - an uncursed scroll of magic mapping Potions g - an uncursed potion of extra healing x - an uncursed potion of healing m - an uncursed potion of water Rings o - an uncursed ring of sustain ability Tools k - an uncursed credit card l - an uncursed expensive camera (0:30) Gems/Stones v - an uncursed worthless piece of yellow glass Horga the Tourist's attributes: Background: You were a Rambler, a level 1 female human Tourist. You were neutral, on a mission for The Lady who was opposed by Blind Io (lawful) and Offler (chaotic). You were in the Dungeons of Doom, on level 3. You entered the dungeon 641 turns ago. You had 4 experience points, 16 more were needed to attain level 2. Basics: You had 0 out of 12 hit points. You had both energy points (spell power). Your armor class was 9. Your wallet contained 694 zorkmids. Autopickup was on for '$?!/="*' plus thrown, with exceptions. Final Characteristics: Your strength was 9 (limit:18/100). Your dexterity was 8 (limit:18). Your constitution was 16 (limit:18). Your intelligence was 14 (limit:18). Your wisdom was 11 (limit:18). Your charisma was 17 (limit:18). Final Status: You were temporarily blind. You were deaf. You were not hungry. You were unencumbered. You were bare handed. You were unskilled in bare handed combat. Final Attributes: You were nominally aligned. You are dead. Miscellaneous: You never encountered a bones level. Total elapsed playing time was 7 minutes and 59 seconds. Major events: Turn 1: horga the neutral female human Tourist entered the dungeon 456: entered the Gnomish Mines 641: killed by a giant rat Vanquished creatures: a gnome leader a hobbit a kobold a goblin a sewer rat 4 lichens 2 newts 11 creatures vanquished. No species were genocided or became extinct. Voluntary challenges: You went without food. You were an atheist. You never hit with a wielded weapon. You read items or engraved 3 times. You never engraved Elbereth. You never genocided any monsters. You never polymorphed an object. You never changed form. You used no wishes. Achievement: You entered the Gnomish Mines. The Dungeons of Doom: levels 1 to 3 Level 1: A fountain. Level 2: "vault" A fountain. Stairs down to The Gnomish Mines. Level 3: <- You were here. A sink. Final resting place for you, killed by a giant rat. The Gnomish Mines: Level 3: Game over: ---------- / \ / REST \ / IN \ / PEACE \ / \ | horga | | 694 Au | | killed by a | | giant rat | | | | | | 2023 | *| * * * | * _________)/\\_//(\/(/\)/\//\/|_)_______ Aloha horga the Tourist... You died in The Dungeons of Doom on dungeon level 3 with 142 points, and 694 pieces of gold, after 641 moves. You were level 1 with a maximum of 12 hit points when you died.